Description

This is an (almost) perfect First Stetman build order. I used CtGs Stetmann "Assembly of vengeance" Youtube video (29/6/2019). And decyphered it for people who want to get a boost in the skill level of Stetman.

Build Order

Get SALT Encoding   

  12  0:00  Drone  
  13  0:09  Drone  
  14  0:20  Drone, Extractor  Cancel
  15  0:28  Overlord  
  15  0:53  Drone x4  
  19  0:54  Extractor  
  19  1:01  Drone  
  19  1:11  Extractor  
  18  1:15  Spawning Pool  
  17  1:20  Drone  
  18  1:25  Drone  
  19  1:44  Lair  
  19  1:46  Drone  
  20  1:51  Drone  
  21  2:01  Overlord  
  21  2:05  Drone  
  22  2:21  Infestation Pit  
  21  2:30  Zergling x4  
  25  2:50  Hive  amon wave
  25  3:42  Hatchery  
  24  4:09  Guardian  Gary upgrade
  24  4:13  Drone x3  
  27  4:28  Drone x3  
  30  4:44  Drone x3  
  33  4:58  Extractor x2  
  32  5:07  Overlord  
  32  5:16  Drone x2  
  34  5:29  Drone x2  
  36  5:38  Drone x3  
  39  5:58  Drone x5  
  44  6:16  Overlord x2  
  44  6:42  Drone x9  
  54  7:03  Drone  
  55  7:05  Hatchery  
  51  7:25  Hatchery  
  51  7:31  Fungal Growth x2  
  51  7:54  Infestor x5  
  61  7:56  Overlord  
  61  8:22  Infestor x10  
  71  8:24  Overlord x2  
  71  9:46  Overlord x4, Infestor x4, Drone x9  
Spawning Tool Build Advisor. Get it on Overwolf

Analysis

The main attraction here is to, pump out your economy as fast as possible while you have super Gary as a first unit to basically hold off enemy attacks. After you have set up your economy, you only pump out investors (and overlords)

Go to:

Details

  • Created by: AntiFluid
  • Published on: Jun 29, 2019
  • Modified on: Jun 29, 2019
  • Patch: 4.7.1
Show
View Real Time Build Order
Export as new Build Order

Comments (0)

There are no comments. Be the first!

Create an account to comment!